 Dungeon Crawl Stone Soup version 0.17-a0-1798-g879a7aa (webtiles) character file.

273 shakdrar the Shield-Bearer (level 6, 0/37 HPs)
             Began as a Gargoyle Fighter on Sept 10, 2015.
             Was an Initiate of Ashenzari.
             Slain by a sky beast (1 damage)
             ... on level 6 of the Dungeon.
             The game lasted 00:09:49 (2903 turns).

shakdrar the Shield-Bearer (Gargoyle Fighter)       Turns: 2903, Time: 00:09:50

Health: 0/37       AC: 14    Str: 20    XL:     6   Next: 23%
Magic:  6/6        EV:  8    Int:  9    God:    Ashenzari [......]
Gold:   125        SH: 10    Dex: 10    Spells: 0 memorised, 5 levels left

rFire  . . .     SeeInvis .     a - +0 war axe
rCold  . . .     Clarity  .     b - +0 scale mail
rNeg   + . .     SustAt   .     c - +0 shield
rPois  ∞         Gourm    .     (no helmet)
rElec  +         Spirit   .     (no cloak)
rCorr  .         Warding  .     k - +0 pair of gloves
rMut   .         Stasis   .     e - +0 pair of boots
MR     .....                    (no amulet)
Stlth  ..........               (no ring)
                                (no ring)

@: not resistant to hostile enchantments, extremely unstealthy
A: negative energy resistance 1, electricity resistance, unbreathing,
petrification resistance, rot immunity, AC +4
a: Renounce Religion


You were on level 6 of the Dungeon.
You worshipped Ashenzari.
Ashenzari was noncommittal.
You were not hungry.

You visited 1 branch of the dungeon, and saw 5 of its levels.

You collected 125 gold pieces.

Inventory:

Hand weapons
 a - a +0 war axe (weapon)
Armour
 b - a +0 scale mail (worn)
 c - a +0 shield (worn)
 e - a +0 pair of boots (worn)
 k - a +0 pair of gloves (worn)
Scrolls
 i - a scroll of fog
 j - 3 scrolls of teleportation
 l - a scroll of identify {unknown}
 n - a scroll of enchant armour {unknown}
Potions
 d - a potion of might
Books
 m - a book of Beasts

   Spells                             Type                      Level
   a - Summon Butterflies             Summoning                    1
   b - Call Canine Familiar           Summoning                    3
   c - Summon Ice Beast               Ice/Summoning                4
   d - Summon Mana Viper              Hexes/Summoning              5
   e - Summon Hydra                   Summoning                    7
Comestibles
 f - a royal jelly
 g - a beef jerky
 h - a bread ration


   Skills:
 - Level 3.2 Fighting
 - Level 1.7 Axes
 + Level 5.0 Armour
 + Level 6.3 Shields


You had 5 spell levels left.
You didn't know any spells.

Dungeon Overview and Level Annotations

Branches:
Dungeon (6/15)
 Temple: D:4-7

Altars:
Ashenzari
Cheibriados
Elyvilon
Gozag
Qazlal
Vehumet
Xom


Innate Abilities, Weirdness & Mutations

You are resistant to torment.
Your stone body is resilient (AC +4).
You are immune to poison.
You resist negative energy.
You are resistant to electric shocks.
You can survive without breathing.
You are immune to petrification.
You are immune to rotting.


Message History

The sky beast flickers out of sight!
Deactivating autopickup; reactivate with Ctrl-A.
You block its attack.
You miss something. Something hits you but does no damage. Something hits you.
* * * LOW HITPOINT WARNING * * *
Something shocks you. You resist.
* * * LOW HITPOINT WARNING * * *
You closely miss something. Something hits you.
* * * LOW HITPOINT WARNING * * *
Something shocks you. You resist.
* * * LOW HITPOINT WARNING * * *
Unknown command.
You barely miss something. Something hits you.
* * * LOW HITPOINT WARNING * * *
Something shocks you. You resist.
* * * LOW HITPOINT WARNING * * *
Something hits you.
* * * LOW HITPOINT WARNING * * *
Something shocks you. You resist.
You die... ###.######### ........@{..+ ###.#########

There were no monsters in sight!

Vanquished Creatures
  Eustachio (D:4)
  An orc wizard (D:3)
  2 adders
  2 oozes
  3 orcs (D:3)
  7 bats
  7 giant cockroaches
  7 goblins
  10 hobgoblins
  3 jackals (D:3)
  10 kobolds
  2 ball pythons
  2 giant geckos (D:1)
  4 giant newts (D:1)
  A quokka (D:4)
  5 rats
67 creatures vanquished.

Notes
Turn   | Place    | Note
--------------------------------------------------------------
     0 | D:1      | shakdrar the Gargoyle Fighter began the quest for the Orb.
     0 | D:1      | Reached XP level 1. HP: 14/14 MP: 1/1
   205 | D:1      | Reached XP level 2. HP: 19/19 MP: 2/2
   543 | D:1      | Reached skill level 4 in Shields
   680 | D:1      | Reached XP level 3. HP: 21/23 MP: 3/3
  1285 | D:2      | Found a white marble altar of Elyvilon.
  1289 | D:2      | Found an opulent altar of Gozag.
  1290 | D:2      | Found a snail-covered altar of Cheibriados.
  1291 | D:2      | Found a radiant altar of Vehumet.
  1293 | D:2      | Found a shimmering altar of Xom.
  1294 | D:2      | Found a stormy altar of Qazlal.
  1527 | D:3      | Reached XP level 4. HP: 24/28 MP: 4/4
  2221 | D:3      | Reached skill level 5 in Shields
  2221 | D:3      | Reached XP level 5. HP: 17/32 MP: 5/5
  2653 | D:4      | Noticed Eustachio
  2683 | D:4      | Killed Eustachio
  2683 | D:4      | Reached skill level 5 in Armour
  2683 | D:4      | Reached skill level 6 in Shields
  2683 | D:4      | Reached XP level 6. HP: 24/37 MP: 6/6
  2814 | D:4      | Found a shattered altar of Ashenzari.
  2836 | D:4      | Became a worshipper of Ashenzari the Shackled
  2863 | D:4      | You fall through a shaft for 2 floors!
  2903 | D:6      | HP: 1/37 [something (1)]
  2903 | D:6      | Slain by a sky beast

Vault maps used:
D:1:      minmay_arrival_glassed_features
D:2:      minitemple, first_bread
D:4:      cheibrodos_ashenzari_chains, uniq_eustachio
D:6:      minmay_temple_entry_hall, serial_glass, glass_columns_c,
          glass_columns_a

Action                   |  1- 3 |  4- 6 || total
-------------------------+-------+-------++-------
Melee: War axe           |   147 |   167 ||   314
  Use: Scroll            |     6 |       ||     6
       Potion            |     2 |     3 ||     5
 Stab: Distracted        |     1 |       ||     1
  Eat: Bread ration      |     1 |       ||     1
       Meat ration       |       |     1 ||     1
